 Seeded DCSS version 0.31-a0-620-gd1cbd99268 (webtiles) character file.

Game seed: 12485923201681380469 (custom seed)

2757 innerfire43 the Grappler (level 9, 0/68 HPs)
             Began as a Gnoll Shapeshifter on Aug 23, 2023.
             Was an Elder of Cheibriados.
             Slain by Joseph
             ... wielding a +2 quarterstaff of speed
              (13 damage)
             ... on level 8 of the Dungeon.
             The game lasted 00:09:06 (7039 turns).

innerfire43 the Grappler (Gnoll Shapeshifter)       Turns: 7039, Time: 00:09:06

Health: 0/68       AC: 15    Str: 32    XL:     9   Next: 69%
Magic:  6/15       EV: 16    Int: 24    God:    Cheibriados [****..]
Gold:   524        SH:  0    Dex: 22    Spells: 14/17 levels left

rFire   . .          .
                       - Unarmed
rCold   . . .        (shield currently unavailable)
rNeg    . . .        n - +4 ring mail
rPois   .            t - +0 helmet
rElec   .            L - +2 cloak
rCorr   .            H - +0 pair of gloves
SInv    .            (no boots)
Will    .....        (no amulet)
Stlth   +            h - +6 ring of strength
HPRegen 0.31/turn    C - +6 ring of intelligence
MPRegen 0.14/turn

%: no passive effects
@: flux-form, glowing, very slow
A: glow, contaminating, fangs 1, strong nose, distributed training
a: Begin Untransformation, Renounce Religion, Bend Time, Temporal Distortion,
Slouch


You were on level 8 of the Dungeon.
You worshipped Cheibriados.
Cheibriados was greatly pleased with you.
You were something dangerously unstable.
You visited 1 branch of the dungeon, and saw 8 of its levels.
You also visited: Sewer.

You collected 524 gold pieces.

Inventory:

Missiles
 k - a throwing net
Armour
 a - a +0 animal skin
 n - a +4 ring mail (worn)
 t - a +0 helmet (worn)
 H - a +0 pair of gloves (worn)
 L - a +2 cloak (worn)
Jewellery
 h - a +6 ring of strength (left hand)
 C - a +6 ring of intelligence (right hand)
 K - a ring of fire
 O - an amulet of faith
Talismans
 c - a beast talisman
 d - a flux talisman (active)
Wands
 y - a wand of iceblast (8)
 B - a wand of light (12)
 J - a wand of digging (8)
Scrolls
 f - 2 scrolls of vulnerability {unknown}
 i - 3 scrolls of enchant weapon {unknown}
 j - 4 scrolls of amnesia {unknown}
 l - 5 scrolls of teleportation {unknown}
 p - 2 scrolls of revelation {unknown}
 q - a scroll of enchant armour {unknown}
 r - 2 scrolls of fog {unknown}
 u - a scroll of butterflies {unknown}
 v - 2 scrolls of blinking {unknown}
 w - 3 scrolls of immolation {unknown}
 x - a scroll of acquirement {unknown}
 E - 7 scrolls of identify {unknown}
 I - a scroll of fear {unknown}
Potions
 b - a potion of lignification
 e - 3 potions of enlightenment {unknown}
 g - a potion of experience {unknown}
 m - 2 potions of brilliance {unknown}
 o - 2 potions of might {unknown}
 s - 2 potions of degeneration {unknown}
 z - 4 potions of haste {unknown}
 A - a potion of cancellation {unknown}
 D - a potion of magic {unknown}
 F - 2 potions of curing {unknown}
 G - a potion of mutation {unknown}
 M - a potion of berserk rage {unknown}
 N - 2 potions of heal wounds


   Skills:
 + Level 5.3 Fighting
 + Level 4.5 Short Blades
 + Level 4.5 Long Blades
 + Level 4.5 Axes
 + Level 4.5 Maces & Flails
 + Level 4.5 Polearms
 + Level 4.5 Staves
 + Level 4.5 Ranged Weapons
 + Level 4.5 Throwing
 + Level 4.5 Armour
 + Level 6.5 Dodging
 + Level 4.5 Stealth
 + Level 4.5 Shields
 + Level 8.1 Unarmed Combat
 + Level 4.5 Spellcasting
 + Level 3.8 Conjurations
 + Level 3.8 Hexes
 + Level 3.8 Summonings
 + Level 3.8 Necromancy
 + Level 3.8 Translocations
 + Level 3.8 Transmutations
 + Level 3.8 Fire Magic
 + Level 3.8 Ice Magic
 + Level 3.8 Air Magic
 + Level 3.8 Earth Magic
 + Level 3.8 Poison Magic
 + Level 5.0 Invocations
 + Level 4.5 Evocations
 + Level 7.8 Shapeshifting


You had 14 spell levels left.
You knew the following spells:

 Your Spells              Type           Power      Damage    Failure   Level
a - Vampiric Draining     Necr           23%        2d7       8%          3

Your spell library contained the following spells:

 Spells                   Type           Power      Damage    Failure   Level
 Slow                     Hex            92%        N/A       2%          1
 Blink                    Tloc           46%        N/A       4%          2
 Lesser Beckoning         Tloc           46%        N/A       4%          2
 Momentum Strike          Conj/Tloc      46%        3d9       4%          2
 Confusing Touch          Hex            23%        N/A       8%          3
 Manifold Assault         Tloc           23%        N/A       26%         4


Dungeon Overview and Level Annotations

Branches:
Dungeon (8/15)             Temple (0/1) D:6           Sewer (visited)
   Lair: D:8-11

Altars:
Cheibriados
Elyvilon
Gozag
Hepliaklqana
Kikubaaqudgha
Ru
Uskayaw
Wu Jian
Xom
Zin

Annotations:
D:8 3 runed translucent doors, Joseph; bmack86's ghost, novice MiFi


Innate Abilities, Weirdness & Mutations

You are something dangerously unstable.
You glow with magical radiation, making you easy to see and hit.
Foes you strike become dangerously contaminated with magical radiation.
You are incapable of wielding weapons or throwing items.
You have very sharp teeth.
Your uncanny sense of smell can sniff out nearby items.
Your experience applies equally to all skills.


Message History

You barely miss Joseph.
Joseph hits you with a +2 quarterstaff of speed.
You punch Joseph!
Joseph begins to glow.
Joseph is lightly wounded.
Joseph hits you with a +2 quarterstaff of speed.
You punch Joseph!
Joseph glows dangerously bright.
Joseph is moderately wounded.
Joseph hits you with a +2 quarterstaff of speed!
* * * LOW HITPOINT WARNING * * *
You hit Joseph.
Joseph shudders as magic cascades through him!!
Joseph twists and deforms.
Joseph is severely wounded.
Joseph hits you with a +2 quarterstaff of speed!
* * * LOW HITPOINT WARNING * * *
Casting: Vampiric Draining (dangerous; 8% risk of failure)
Confirm with . or Enter, or press ? or * to list all spells.
Aiming: Vampiric Draining (dangerous; 8% risk of failure)
Press: ? - help, Shift-Dir - straight line, f - Joseph
Aim: Joseph, wielding a +2 quarterstaff of speed and wearing a +0 ring mail (severely wounded, misshapen and mutated)
You draw life force from Joseph!
You feel life coursing into your body. Joseph closely misses you.
Joseph misses you.
Casting: Vampiric Draining (dangerous; 8% risk of failure)
Confirm with . or Enter, or press ? or * to list all spells.
Aiming: Vampiric Draining (dangerous; 8% risk of failure)
Press: ? - help, Shift-Dir - straight line, f/p - Joseph
Aim: Joseph, wielding a +2 quarterstaff of speed and wearing a +0 ring mail (severely wounded, misshapen and mutated)
You draw life force from Joseph!
You feel life coursing into your body. Joseph barely misses you.
Unknown command.
Casting: Vampiric Draining (dangerous; 8% risk of failure)
Confirm with . or Enter, or press ? or * to list all spells.
Aiming: Vampiric Draining (dangerous; 8% risk of failure)
Press: ? - help, Shift-Dir - straight line, f/p - Joseph
Aim: Joseph, wielding a +2 quarterstaff of speed and wearing a +0 ring mail (almost dead, misshapen and mutated)
You draw life force from Joseph!
You feel life coursing into your body.
Joseph hits you with a +2 quarterstaff of speed!
* * * LOW HITPOINT WARNING * * *
Joseph hits you with a +2 quarterstaff of speed!
You die...

#############
#
............#
.
............#
.
............#
.
........@....#
.
........B....#
.
.............#
.
...≈≈≈≈.....#
.
##....≈.....#
#
#.≈≈≈≈?....###
.
+.............
≈~..
#.............
∆~...
#.............
...
#.............
..


You could see Joseph (misshapen).

Vanquished Creatures
  A water moccasin (D:7)
  An orc warrior (D:7)
  2 ice beasts
  An ogre (D:5)
  2 centaurs
  A phantom (D:7)
  3 kobold brigands (D:7)
  3 bullfrogs
  5 scorpions
  8 wights (D:7)
  3 killer bees (D:8)
  2 jellies
  2 hounds
  An iron imp (D:3)
  2 orc priests
  A gnoll bouda (D:6)
  2 iguanas (D:6)
  2 sleepcaps
  Terence (D:2)
  5 orc wizards
  A hell rat (Sewer)
  Robin (D:3)
  7 gnolls (D:6)
  2 river rats (Sewer)
  3 adders
  A shadow imp (D:5)
  A white imp (D:5)
  An ufetubus (D:5)
  A worm (D:2)
  A dart slug (D:3)
  30 orcs
  5 endoplasms
  6 giant cockroaches
  14 goblins
  19 hobgoblins
  23 kobolds
  5 quokkas
  5 ball pythons
  5 bats
  A frilled lizard (D:2)
  11 rats
191 creatures vanquished.

Notes
Turn   | Place    | Note
-------+----------+-------------------------------------------
     0 | D:1      | innerfire43 the Gnoll Shapeshifter began the quest for the
                  | Orb.
     0 | D:1      | Reached XP level 1. HP: 17/17 MP: 1/1
   206 | D:1      | Reached XP level 2. HP: 12/23 MP: 2/2
   652 | D:1      | Reached XP level 3. HP: 26/28 MP: 3/3
   824 | D:2      | Reached skill level 1 in Invocations
  1045 | D:2      | Noticed Terence
  1056 | D:2      | HP: 1/26 [Terence/+0 hand axe (6)]
  1057 | D:2      | Killed Terence
  1058 | D:2      | Reached skill level 1 in Short Blades
  1058 | D:2      | Reached skill level 1 in Long Blades
  1058 | D:2      | Reached skill level 1 in Axes
  1058 | D:2      | Reached skill level 1 in Maces & Flails
  1058 | D:2      | Reached skill level 1 in Polearms
  1058 | D:2      | Reached skill level 1 in Staves
  1058 | D:2      | Reached skill level 1 in Ranged Weapons
  1058 | D:2      | Reached skill level 1 in Throwing
  1058 | D:2      | Reached skill level 1 in Armour
  1058 | D:2      | Reached skill level 1 in Stealth
  1058 | D:2      | Reached skill level 1 in Shields
  1058 | D:2      | Reached skill level 1 in Spellcasting
  1058 | D:2      | Reached skill level 1 in Evocations
  1058 | D:2      | Reached XP level 4. HP: 1/34 MP: 5/5
  1713 | D:3      | Reached skill level 1 in Conjurations
  1713 | D:3      | Reached skill level 1 in Hexes
  1713 | D:3      | Reached skill level 1 in Summonings
  1713 | D:3      | Reached skill level 1 in Necromancy
  1713 | D:3      | Reached skill level 1 in Translocations
  1713 | D:3      | Reached skill level 1 in Transmutations
  1713 | D:3      | Reached skill level 1 in Fire Magic
  1713 | D:3      | Reached skill level 1 in Ice Magic
  1713 | D:3      | Reached skill level 1 in Air Magic
  1713 | D:3      | Reached skill level 1 in Earth Magic
  1713 | D:3      | Reached skill level 1 in Poison Magic
  1872 | D:3      | Reached XP level 5. HP: 33/40 MP: 5/7
  1894 | D:3      | Noticed Robin
  1903 | D:3      | Killed Robin
  2054 | D:3      | Found a snail-covered altar of Cheibriados.
  2069 | D:3      | Became a worshipper of Cheibriados the Contemplative
  2092 | D:3      | Found a faded altar of an unknown god.
  2275 | D:3      | Found an ornate altar of the Wu Jian Council.
  2275 | D:3      | Found a glowing silver altar of Zin.
  2446 | D:4      | Reached XP level 6. HP: 33/47 MP: 8/8
  2486 | D:4      | Reached skill level 5 in Dodging
  2627 | D:4      | Found an ancient bone altar of Kikubaaqudgha.
  2871 | D:4      | Found a white marble altar of Elyvilon.
  2990 | D:5      | Entered Level 5 of the Dungeon
  2995 | D:5      | Reached skill level 7 in Unarmed Combat
  2995 | D:5      | Reached XP level 7. HP: 50/52 MP: 10/10
  3132 | D:5      | Reached * piety under Cheibriados
  3288 | D:5      | Found a glowing drain.
  3322 | Sewer    | Entered a sewer
  3437 | D:5      | Found a sacrificial altar of Ru.
  3512 | D:5      | You fall into a shaft and drop 2 floors!
  3668 | D:6      | Reached ** piety under Cheibriados
  3673 | D:6      | Reached XP level 8. HP: 30/60 MP: 12/12
  4016 | D:6      | Found a staircase to the Ecumenical Temple.
  5045 | D:5      | Reached *** piety under Cheibriados
  5129 | D:5      | Found a hazy altar of Hepliaklqana.
  5298 | D:5      | Found a shimmering altar of Xom.
  5542 | D:7      | Reached XP level 9. HP: 64/66 MP: 14/14
  5877 | D:7      | Learned a level 3 spell: Vampiric Draining
  5949 | D:7      | Reached skill level 5 in Fighting
  6229 | D:7      | Reached skill level 8 in Unarmed Combat
  6691 | D:8      | Found a runed translucent gate.
  6691 | D:8      | Found a runed translucent gate.
  6691 | D:8      | Found a runed translucent gate.
  6693 | D:8      | Found an opulent altar of Gozag.
  6693 | D:8      | Noticed a boulder beetle
  6697 | D:8      | Reached **** piety under Cheibriados
  6736 | D:8      | Noticed bmack86's ghost (novice MiFi)
  6736 | D:8      | Noticed a cyan ugly thing
  6763 | D:8      | Reached skill level 5 in Invocations
  6911 | D:8      | Found a hide-covered altar of Uskayaw.
  7027 | D:8      | Noticed Joseph
  7039 | D:8      | Slain by Joseph

Illustrated notes

Levels and vault maps discovered:
D:1:      lightli_arrival_maybe_door_vault, layout_rooms, kennysheep_nondescript
D:2:      layout_basic, uniq_terence
D:3:      layout_rooms, slow_altar_2, nicolae_overflow_two_pavilions,
          shapermc_ecumenical_altar_hornbeckon, guppyfry_early_lair_pool,
          uniq_robin
D:4:      layout_rooms, mainiacjoe_overflow_six_doors_small,
          mainiacjoe_overflow_alcove_4
D:5:      layout_basic, nicolae_overflow_hidden_temple,
          worldfamousw_hep_ancestral_shrine, nicolae_ru_awakened_eye,
          cheibrodos_sewer_entry_drain, nrook_mini_backslash
D:6:      layout_loops_corners, minmay_temple_entry_statues_fountains
D:7:      cheibrodos_quashed, layout_basic
D:8:      layout_gridville, amcnicky_altar_gilded, ebering_ghost_gozag,
          serial_rivers, chequers_serial_rivers_small_3,
          chequers_serial_rivers_micro_d, chequers_serial_rivers_micro_e,
          chequers_serial_rivers_small_3, chequers_serial_rivers_small_3,
          fungi_pond_lemuel, minmay_misc_feat_ornament, uniq_joseph

Skill      XL: |  1  2  3  4  5  6  7  8  9 |
---------------+----------------------------+-----
Invocations    | 1 2 3 4 5 |  5.0
Short Blades   | 1 2 3 4 |  4.5
Long Blades    | 1 2 3 4 |  4.5
Axes           | 1 2 3 4 |  4.5
Maces & Flails | 1 2 3 4 |  4.5
Polearms       | 1 2 3 4 |  4.5
Staves         | 1 2 3 4 |  4.5
Ranged Weapons | 1 2 3 4 |  4.5
Throwing       | 1 2 3 4 |  4.5
Armour         | 1 2 3 4 |  4.5
Stealth        | 1 2 3 4 |  4.5
Shields        | 1 2 3 4 |  4.5
Spellcasting   | 1 2 3 4 |  4.5
Evocations     | 1 2 3 4 |  4.5
Conjurations   | 1 2 3 |  3.8
Hexes          | 1 2 3 |  3.8
Summonings     | 1 2 3 |  3.8
Necromancy     | 1 2 3 |  3.8
Translocations | 1 2 3 |  3.8
Transmutations | 1 2 3 |  3.8
Fire Magic     | 1 2 3 |  3.8
Ice Magic      | 1 2 3 |  3.8
Air Magic      | 1 2 3 |  3.8
Earth Magic    | 1 2 3 |  3.8
Poison Magic   | 1 2 3 |  3.8
Fighting       | 3 4 5 |  5.3
Dodging        | 5 6 |  6.5
Unarmed Combat | 7 8 |  8.1
Shapeshifting  | 7 |  7.8

Action                     |  1- 3 |  4- 6 |  7- 9 || total
---------------------------+-------+-------+-------++-------
  Melee: Unarmed           |    99 |   162 |   344 ||   605
         Bite              |    15 |    21 |    44 ||    80
   Cast: Vampiric Draining |       |       |     9 ||     9
    Use: Potion            |       |       |     1 ||     1
 Armour: Animal skin       |    10 |     1 |       ||    11
         Ring mail         |       |    51 |   116 ||   167
  Dodge: Dodged            |    52 |    95 |   281 ||   428
   Form: Flux              |     1 |       |       ||     1

Table legend: (Time is in decaauts)
 A = Elapsed time spent in this place.
 B = Non-inter-level travel time spent in this place.
 C = Inter-level travel time spent in this place.
 D = Time resting spent in this place.
 E = Time spent auto-exploring this place.
 F = Levels seen in this place.
 G = Mean time per level.
                   A        B        C        D        E       F      G
               +--------+--------+--------+--------+--------+-----+--------+
         Total |   8794 |   8376 |    418 |      0 |   6989 |   9 |  977.1 |
       Dungeon |   8666 |   8248 |    418 |      0 |   6909 |   8 | 1083.2 |
         Sewer |    128 |    128 |      0 |      0 |     79 |   1 |  128.0 |
               +--------+--------+--------+--------+--------+-----+--------+

Top non-repeatable levels by time:
     D:6: 1716 daAuts
     D:7: 1592 daAuts
     D:5: 1290 daAuts
     D:2: 996 daAuts
     D:8: 883 daAuts
     D:3: 764 daAuts
     D:4: 731 daAuts
     D:1: 692 daAuts
   Sewer: 128 daAuts
